 Dungeon Crawl Stone Soup version 0.28-a0-1518-gbe868bca14 (webtiles) character file.

Game seed: 7853809086047226224

2735 fragbeetle the Cleaver (level 9, -9/79 HPs)
             Began as a Hill Orc Monk on Jan 16, 2022.
             Was a High Priest of Ignis.
             Mangled by an orc warrior (15 damage)
             ... in a bailey.
             The game lasted 00:16:51 (8038 turns).

fragbeetle the Cleaver (Hill Orc Monk)              Turns: 8038, Time: 00:16:52

Health: -9/79      AC:  9    Str: 16    XL:     9   Next: 67%
Magic:  9/9        EV: 10    Int: 14    God:    Ignis [*****.]
Gold:   63         SH:  0    Dex: 13    Spells: 1/8 levels left

rFire   + . .      SeeInvis .   y - +9 short sword "Qyolei" {vorpal, rElec Will+ Int+2}
rCold   . . .      Faith    .   (no shield)
rNeg    . . .      Spirit   .   p - +0 scale mail
rPois   +          Reflect  .   (no helmet)
rElec   +          Harm     .   (no cloak)
rCorr   +          Rampage  .   r - +0 pair of gloves
Will    +....                   n - +0 pair of boots
Stlth   +.........              g - amulet of magic regeneration
HPRegen 0.23/turn               x - ring of resist corrosion
MPRegen 0.51/turn               z - ring of poison resistance

@: studying Maces & Flails
A: no striking features
a: Renounce Religion, Fiery Armour, Foxfire Swarm


You were in a bailey.
You worshipped Ignis.
Ignis was extremely pleased with you.
You visited 2 branches of the dungeon, and saw 8 of its levels.
You also visited: Bailey.

You collected 260 gold pieces.
You spent 197 gold pieces at shops.

Inventory:

Hand Weapons
 a - a +0 hand axe
 o - a +2 spear of distortion
 u - the +4 short sword of Somewhere Else {speed, *Corrode rN+++ Stlth+}
   (You took it off an orc on level 3 of the Dungeon)

   Attacks with this weapon are significantly faster.
   rN:        It renders you almost immune to negative energy.
   *Corrode:  It may corrode you when you take damage.
   Stlth:     It makes you more stealthy.
 y - the +9 short sword "Qyolei" (weapon) {vorpal, rElec Will+ Int+2}
   (You found it on level 4 of the Dungeon)

   It inflicts extra damage upon your enemies.
   Int:       It affects your intelligence (+2).
   rElec:     It insulates you from electricity.
   Will:      It increases your willpower.
 C - a +2 whip of venom
 I - a +2 vampiric spear
Missiles
 c - 140 stones (quivered)
 l - 60 sling bullets
 A - 3 boomerangs of dispersal
 E - 3 poisoned darts
 G - 5 silver javelins
 H - a throwing net
Armour
 b - a +0 kite shield
 n - a +0 pair of boots (worn)
 p - a +0 scale mail (worn)
 r - a +0 pair of gloves (worn)
Jewellery
 g - an amulet of magic regeneration (around neck)
 x - a ring of resist corrosion (left hand)
 z - a ring of poison resistance (right hand)
 B - a ring of ice
Wands
 m - a wand of iceblast (12)
Scrolls
 d - a scroll of immolation {unknown}
 f - a scroll of identify
 h - a scroll of blinking {unknown}
 i - 2 scrolls of silence
 k - 2 scrolls of fear
 q - a scroll of torment {unknown}
 s - a scroll of fog {unknown}
 v - 3 scrolls of amnesia
 D - a scroll of enchant armour {unknown}
 F - 2 scrolls of teleportation
 J - a scroll of summoning
Potions
 e - 2 potions of flight
 j - a potion of brilliance
 w - a potion of haste


   Skills:
 + Level 7.2 Fighting
 * Level 10.7 Axes
 + Level 4.9 Armour
 - Level 3.0 Dodging
 + Level 4.9 Stealth
 + Level 2.0 Necromancy
 - Level 3.1 Transmutations
 + Level 1.2 Ice Magic


You had one spell level left.
You knew the following spells:

 Your Spells              Type           Power      Damage    Failure   Level
a - Wereblood             Tmut           8%         N/A       38%         2
b - Corpse Rot            Necr/Air       4%         N/A       67%         2
c - Frozen Ramparts       Ice            6%         1d2       87%         3

Your spell library contained the following spells:

 Spells                   Type           Power      Damage    Failure   Level
 Freeze                   Ice            12%        1d4       52%         1
 Sublimation of Blood     Necr           5%         N/A       54%         2
 Poisonous Vapours        Pois/Air       0%         N/A       82%         2
 Hailstorm                Conj/Ice       1%         3d3       100%        4
 Summon Hydra             Summ           0%         N/A       100%        7


Dungeon Overview and Level Annotations

Branches:
Dungeon (7/15)             Temple (1/1) D:7          Bailey (1/1)

Altars:
Dithmenos
Fedhas
Trog
Ignis

Shops:
D:1 [   D:7 ?

Annotations:
D:6 3 runed translucent doors, shadowrider38's ghost, novice DjFE


Message History

You hit the orc warrior.
The orc warrior is heavily wounded.
The orc closely misses you. The orc warrior barely misses you.
You miss the orc warrior.
The orc warrior is heavily wounded.
The orc hits you with a +0 hand axe.
The orc warrior hits you with a +0 hand axe.
You hit the orc warrior.
The orc warrior is severely wounded.
The orc closely misses you.
The orc warrior hits you with a +0 hand axe!
The orc barely misses you.
You closely miss the orc warrior.
The orc warrior is severely wounded.
The orc warrior hits you with a +0 hand axe.
The orc hits you with a +0 hand axe.
You hit the orc.
You kill the orc!
The orc warrior closely misses you. The goblin hits you but does no damage.
Unknown command.
You hit the orc warrior.
The orc warrior is severely wounded.
The orc warrior hits you with a +0 hand axe!
* * * LOW HITPOINT WARNING * * *
The goblin hits you with a +0 hand axe.
* * * LOW HITPOINT WARNING * * *
The orc warrior hits you with a +0 hand axe!
* * * LOW HITPOINT WARNING * * *
You hit the orc warrior.
The orc warrior is severely wounded.
The goblin misses you.
The orc warrior hits you with a +0 hand axe!
* * * LOW HITPOINT WARNING * * *
Unknown command.
Okay, then.
Okay, then.
You feel better. The goblin hits you with a +0 hand axe.
* * * LOW HITPOINT WARNING * * *
The orc warrior hits you with a +0 hand axe!
You die...

♣♣♣♣♣
♣♣♣...♣♣♣
♣♣♣.....♣.♣♣
♣♣..........♣
♣.....∩.....♣
♣...........♣
♣♣....∩.....♣
♣......g@♣♣♣
♣♣....go..♣
♣##'''##♣♣
##.....##
#.......#
##.......##
#.........#
#......g..#
#.....⌠.....#


You could see an orc warrior, a gnoll and a goblin.

Vanquished Creatures
  Grinder (D:4)
  Sigmund (D:4)
  A water moccasin (D:6)
  5 black bears
  2 ogres
  A centaur (D:5)
  A phantom (D:5)
  2 gnoll sergeants (D:7)
  Blork the orc (D:4)
  A scorpion (D:5)
  A water moccasin zombie (D:5)
  A water moccasin skeleton (D:6)
  5 wights (D:6)
  4 hounds
  A bullfrog zombie (D:6)
  4 orc priests
  2 centaur skeletons
  A bullfrog skeleton (D:6)
  5 jellies
  Terence (D:3)
  3 orc wizards (D:7)
  2 iguanas (D:4)
  Ijyb (D:3)
  A killer bee zombie (D:6)
  7 gnolls
  8 adders
  An ufetubus (D:6)
  2 worms
  2 dart slugs
  16 orcs
  7 endoplasms
  A giant cockroach (D:4)
  4 goblins
  10 hobgoblins
  13 jackals
  3 quokkas
  4 ball pythons
  6 bats
  2 frilled lizards
  5 kobolds
  8 rats
147 creatures vanquished.

Vanquished Creatures (others)
  18 foxfires (D:3)
  A fungus (D:6)
  6 plants
25 creatures vanquished.

Grand Total: 172 creatures vanquished

Notes
Turn   | Place    | Note
-------+----------+-------------------------------------------
     0 | D:1      | fragbeetle the Hill Orc Monk began the quest for the Orb.
     0 | D:1      | Reached XP level 1. HP: 19/19 MP: 1/1
   383 | D:1      | Reached XP level 2. HP: 24/27 MP: 2/2
   502 | D:1      | Found Riguuzu's Antique Armour Emporium.
   952 | D:1      | Found a faded altar of an unknown god.
   955 | D:1      | Prayed at the altar of an unknown god.
   955 | D:1      | Became a worshipper of Ignis, the Dying Flame
   955 | D:1      | Reached ****** piety under Ignis
  1462 | D:2      | Reached XP level 3. HP: 28/33 MP: 3/3
  1699 | D:2      | Learned a level 2 spell: Wereblood
  1996 | D:2      | Reached skill level 5 in Axes
  2572 | D:3      | Noticed Ijyb
  2585 | D:3      | Reached XP level 4. HP: 38/40 MP: 4/4
  2611 | D:3      | Killed Ijyb
  2801 | D:3      | Noticed Terence
  2805 | D:3      | Killed Terence
  2806 | D:3      | Reached XP level 5. HP: 47/47 MP: 5/5
  3268 | D:3      | Found a bloodstained altar of Trog.
  3325 | D:3      | Identified the +4 short sword of Somewhere Else {speed,
                  | *Corrode rN+++ Stlth+}
  3571 | D:3      | Found a shadowy altar of Dithmenos.
  3572 | D:3      | Found a blossoming altar of Fedhas.
  3760 | D:4      | Reached skill level 1 in Transmutations
  4011 | D:4      | Identified the +9 short sword "Qyolei" {vorpal, rElec Will+
                  | Int+2}
  4038 | D:4      | Noticed an ogre
  4050 | D:4      | Killed an ogre
  4051 | D:4      | Reached skill level 6 in Axes
  4051 | D:4      | Reached skill level 1 in Armour
  4051 | D:4      | Reached XP level 6. HP: 53/53 MP: 6/6
  4164 | D:4      | Noticed Blork the orc
  4166 | D:4      | Noticed Grinder
  4182 | D:4      | Killed Blork the orc
  4188 | D:4      | Killed Grinder
  4189 | D:4      | Reached skill level 5 in Fighting
  4189 | D:4      | Reached skill level 7 in Axes
  4189 | D:4      | Reached XP level 7. HP: 39/61 MP: 7/7
  4509 | D:4      | You fall into a shaft and drop 2 floors!
  4705 | D:5      | Entered Level 5 of the Dungeon
  4711 | D:5      | Reached skill level 8 in Axes
  4711 | D:5      | Reached XP level 8. HP: 19/69 MP: 8/8
  4985 | D:5      | Noticed a yak
  5716 | D:4      | Reached skill level 9 in Axes
  5911 | D:4      | Noticed Sigmund
  5928 | D:4      | Killed Sigmund
  6727 | D:6      | Reached XP level 9. HP: 68/78 MP: 9/9
  6760 | D:6      | Learned a level 2 spell: Corpse Rot
  6831 | D:6      | Found a runed translucent gate.
  6831 | D:6      | Found a runed translucent gate.
  6831 | D:6      | Found a runed translucent gate.
  6933 | D:6      | Reached skill level 10 in Axes
  6940 | D:6      | Reached skill level 1 in Necromancy
  7221 | D:6      | Learned a level 3 spell: Frozen Ramparts
  7500 | D:6      | Noticed shadowrider38's ghost (novice DjFE)
  7594 | D:7      | Found Onworphi's Magic Scroll Shoppe.
  7597 | D:7      | Bought a scroll of identify for 22 gold pieces
  7597 | D:7      | Bought a scroll of magic mapping for 38 gold pieces
  7597 | D:7      | Bought a scroll of summoning for 104 gold pieces
  7597 | D:7      | Bought a scroll of teleportation for 33 gold pieces
  7607 | D:7      | Found a staircase to the Ecumenical Temple.
  7614 | Temple   | Entered the Ecumenical Temple
  7652 | D:7      | Reached skill level 1 in Ice Magic
  7851 | D:7      | Found a flagged portal.
  7999 | Bailey   | Entered a bailey
  8037 | Bailey   | HP: 1/79 [orc warrior (8)]
  8038 | Bailey   | Mangled by an orc warrior

Illustrated notes

Levels and vault maps discovered:
D:1:      dpeg_arrival_rhombi, layout_basic, serial_shops, shop,
          shapermc_ecumenical_altar_mp_vishouse, hangedman_decor_clover_reticule
D:2:      layout_basic, patterned_corridor
D:3:      layout_basic, nicolae_overflow_hidden_temple, grunt_decor_arrowhead,
          serial_bayou_pond_e, serial_bayou_lagoon_a, minmay_circle_x,
          uniq_terence, uniq_ijyb
D:4:      layout_basic, minmay_manual_moon, uniq_grinder, uniq_blork_the_orc,
          uniq_sigmund
D:5:      layout_basic, nicolae_fountain_basement
D:6:      layout_cave_pools, gammafunk_ghost_nasty_kobolds, serial_glass,
          glass_columns_a, glass_columns_a
D:7:      nzn_winding_woodlands_stair_cross
          [nzn_winding_woodlands_5x15_river_crossing,
          nzn_winding_woodlands_center_triple_pond,
          nzn_winding_woodlands_5x15_pool, nzn_winding_woodlands_5x5_perimeter,
          nzn_winding_woodlands_5x5_three, nzn_winding_woodlands_5x15_garden,
          nzn_winding_woodlands_center_lodge, nzn_winding_woodlands_5x15_eye],
          layout_loops_ring, minmay_temple_entry_gardened_gates, enter_bailey_6,
          serial_shops, nicolae_stop_n_shop_2, nicolae_grassy_gnolls,
          uniq_prince_ribbit1
Temple:   regret_index_temple_sphere_string
Bailey:   bailey_axe_minmay_hex_keep, bailey

Skill      XL: |  1  2  3  4  5  6  7  8  9 |
---------------+----------------------------+-----
Stealth        | 2 3 4 |  4.9
Fighting       | 4 5 6 7 |  7.2
Axes           | 5 6 7 8 9 10 | 10.7
Dodging        | 3 |  3.0
Transmutations | 1 2 3 |  3.1
Armour         | 1 2 3 4 |  4.9
Necromancy     | 2 |  2.0
Ice Magic      | 1 |  1.2

Action                   |  1- 3 |  4- 6 |  7- 9 || total
-------------------------+-------+-------+-------++-------
Melee: Hand axe          |   127 |    87 |       ||   214
       Punch             |     3 |     1 |     3 ||     7
       Short sword       |       |    49 |   273 ||   322
Invok: Fiery Armour      |     1 |     1 |     1 ||     3
       Foxfire Swarm     |       |     1 |       ||     1
       Rising Flame      |       |       |     1 ||     1
Evoke: Wand              |       |       |     1 ||     1
  Use: Potion            |       |       |     3 ||     3
       Scroll            |       |       |     7 ||     7
 Stab: Sleeping          |     5 |     1 |       ||     6
Armor: Robe              |    30 |       |       ||    30
       Skin              |       |    13 |       ||    13
       Scale mail        |       |    30 |   149 ||   179
Dodge: Dodged            |    76 |    54 |   190 ||   320

Table legend: (Time is in decaauts)
 A = Elapsed time spent in this place.
 B = Non-inter-level travel time spent in this place.
 C = Inter-level travel time spent in this place.
 D = Time resting spent in this place.
 E = Time spent auto-exploring this place.
 F = Levels seen in this place.
 G = Mean time per level.
                   A        B        C        D        E       F      G
               +--------+--------+--------+--------+--------+-----+--------+
         Total |   8058 |   7810 |    248 |   1405 |   4691 |   9 |  895.3 |
       Dungeon |   8016 |   7768 |    248 |   1405 |   4691 |   7 | 1145.1 |
        Temple |      1 |      1 |      0 |      0 |      0 |   1 |    1.0 |
        Bailey |     40 |     40 |      0 |      0 |      0 |   1 |   40.0 |
               +--------+--------+--------+--------+--------+-----+--------+

Top non-repeatable levels by time:
     D:4: 1589 daAuts
     D:2: 1421 daAuts
     D:3: 1184 daAuts
     D:1: 1166 daAuts
     D:5: 1163 daAuts
     D:6: 1084 daAuts
     D:7: 406 daAuts
  Bailey: 40 daAuts
  Temple: 1 daAuts
